 Dungeon Crawl Stone Soup version 0.17.0-22-g5edae84 (webtiles) character file.

1954 JudasIscariot the Covered (level 9, -7/56 HPs)
             Began as a Gargoyle Abyssal Knight on Nov 12, 2015.
             Was an Elder of Lugonu.
             Killed by divine providence
             ... invoked by an orc priest
              (14 damage)
             ... on level 7 of the Dungeon.
             The game lasted 00:20:38 (6355 turns).

JudasIscariot the Covered (Gargoyle Abyssal Knight) Turns: 6355, Time: 00:20:42

Health: -7/56      AC: 23    Str: 24    XL:     9   Next: 19%
Magic:  12/12      EV:  9    Int: 13    God:    Lugonu [****..]
Gold:   204        SH:  2    Dex:  9    Spells: 0 memorised, 8 levels left

rFire  x . .     SeeInvis .     H - +0 flail
rCold  + . .     Clarity  .     k - +0 plate armour
rNeg   + . .     SustAt   .     L - +0 buckler
rPois  ∞         Gourm    .     C - +0 helmet
rElec  +         Spirit   .     t - +1 cloak {MR+}
rCorr  .         Warding  .     (no gloves)
rMut   .         Stasis   .     l - +0 pair of boots
MR     +....                    (no amulet)
Stlth  ..........               B - +3 ring of evasion
                                f - ring of ice

@: mighty, somewhat resistant to hostile enchantments, extremely unstealthy
A: negative energy resistance 1, electricity resistance, unbreathing,
petrification resistance, rot immunity, AC +5
a: Depart the Abyss, Bend Space, Banish, Corrupt, Renounce Religion


You were on level 7 of the Dungeon.
You worshipped Lugonu.
Lugonu was greatly pleased with you.
You were hungry.

You visited 1 branch of the dungeon, and saw 7 of its levels.
You visited the Abyss 1 time.
You also visited: Ossuary.

You collected 204 gold pieces.

Inventory:

Hand Weapons
 a - a +1 mace
 p - a -1 morningstar
 y - the +7 dagger of Xorubaps {pierce, rF++}
   (You found it on level 4 of the Dungeon)

   It inflicts extra damage upon your enemies.
   It greatly protects you from fire.
 H - a +0 flail (weapon)
Armour
 b - a +0 leather armour
 k - a +0 plate armour (worn)
 l - a +0 pair of boots (worn)
 t - a +1 cloak of magic resistance (worn)
 C - a +0 helmet (worn)
 L - a +0 buckler (worn)
Jewellery
 f - a ring of ice (left hand)
 B - a +3 ring of evasion (right hand)
Wands
 n - a wand of cold (5)
 q - a wand of enslavement (9)
 I - a wand of fire (7)
Scrolls
 d - a scroll of immolation {unknown}
 e - 2 scrolls of amnesia
 g - 3 scrolls of remove curse
 i - 2 scrolls of random uselessness
 j - a scroll of recharging {unknown}
 m - 2 scrolls of fog {unknown}
 o - a scroll of enchant armour {unknown}
 r - a scroll of noise {unknown}
 s - 3 scrolls of identify {unknown}
 x - 2 scrolls of teleportation {unknown}
 z - 2 scrolls of blinking {unknown}
 D - a scroll of enchant weapon {unknown}
 F - a scroll of magic mapping {unknown}
Potions
 w - 2 potions of brilliance {unknown}
 A - 2 potions of flight
 E - 2 potions of cure mutation
 G - a potion of might
 J - 2 potions of curing
 K - a potion of heal wounds {unknown}
Books
 N - a book of Fire

   Spells                             Type                      Level
   a - Ignite Poison                  Fire/Transmutation/Poison    3
   b - Fireball                       Conjuration/Fire             5
   c - Bolt of Fire                   Conjuration/Fire             6
   d - Delayed Fireball               Conjuration/Fire             7
   e - Ring of Flames                 Charms/Fire                  7
Comestibles
 c - 7 bread rations
 h - a meat ration
 u - 10 fruits
 v - a slice of pizza


   Skills:
 * Level 6.9 Fighting
 * Level 6.9 Maces & Flails
 * Level 7.0 Armour
 + Level 1.5 Dodging
 + Level 0.8 Stealth
 * Level 5.1 Invocations


You had 8 spell levels left.
You didn't know any spells.

Dungeon Overview and Level Annotations

Branches:
Dungeon (7/15)             Temple (0/1) D:7

Altars:
Elyvilon
Makhleb
Okawaru
Sif Muna
Vehumet
Yredelemnul


Innate Abilities, Weirdness & Mutations

You are resistant to torment.
Your stone body is resilient (AC +5).
You are immune to poison.
You resist negative energy.
You are resistant to electric shocks.
You can survive without breathing.
You are immune to petrification.
You are immune to rotting.


Message History

As you read the scroll labeled CEHOGA FULON, it crumbles to dust.
You feel forgetful for a moment.
It was a scroll of amnesia.
The giant cockroach barely misses you. The orc warrior hits you with a mace.
* * * LOW HITPOINT WARNING * * *
The orc closely misses you.
Read which item? (? for menu, Esc to quit)
As you read the scroll labeled VUULOILU ECOSH, it crumbles to dust.
The dust glows dark scarlet!
It was a scroll of random uselessness.
The giant cockroach bites you but does no damage.
You block the orc's attack. The orc warrior completely misses you.
Read which item? (? for menu, Esc to quit)
Okay, then.
Drink which item? (? for menu, Esc to quit)
It was a potion of might.
You feel very mighty all of a sudden.
The giant cockroach bites you but does no damage.
The orc barely misses you.
The orc priest invokes the aid of Beogh against you.
Something smites you!
You die...

# #.# ##### .... ...#
.....##o###############
.......os@o.......[..^#
.....##o##o####.#####.#
..[o..#.##.## #.# #.#
#oo.....# #.#####.####
#...#.##..# #.##.......#
..|.......)>###.##.......#
.........##.##...#.......#
#....###.##.#.............
##... #.##.#............#


You could see an orc warrior, 2 orc priests, an orc wizard, an orc and a giant
cockroach.

Vanquished Creatures
  Prince Ribbit (D:6)
  A wyvern (D:7)
  Duvessa (D:6)
  2 phantoms
  A big kobold (D:5)
  2 elf zombies (Ossuary)
  Dowan (D:6)
  A scorpion (D:6)
  2 crimson imps
  A centaur zombie (Ossuary)
  An orc priest (D:6)
  Crazy Yiuf (D:2)
  A centaur skeleton (D:5)
  A hound (D:7)
  Jessica (D:2)
  3 orc wizards
  Terence (D:2)
  3 worker ants
  An iguana (D:5)
  A hound zombie (D:5)
  2 hound skeletons
  2 mummies (Ossuary)
  11 adders
  4 gnolls (D:3)
  A shadow imp (D:6)
  An ooze (D:5)
  An adder zombie (Ossuary)
  2 worms (D:4)
  5 giant geckos
  16 orcs
  9 ball pythons
  7 goblins
  5 hobgoblins
  6 jackals
  A quokka (D:5)
  6 bats
  4 giant cockroaches
  A giant gecko skeleton (D:6)
  8 giant newts
  5 goblin zombies
  4 hobgoblin zombies (Ossuary)
  3 jackal zombies (Ossuary)
  10 kobolds
  12 kobold zombies (Ossuary)
  8 orc zombies (Ossuary)
  A rat (D:2)
  A rat zombie (Ossuary)
163 creatures vanquished.

Vanquished Creatures (others)
  The ghost of JudasIscariot the Covered, a novice DsFi (D:5)
1 creature vanquished.

Grand Total: 164 creatures vanquished

Notes
Turn   | Place    | Note
--------------------------------------------------------------
     0 | Abyss:1  | JudasIscariot the Gargoyle Abyssal Knight began the quest for the Orb.
     0 | Abyss:1  | Reached XP level 1. HP: 14/14 MP: 2/2
    14 | D:1      | Escaped the Abyss
   214 | D:1      | Reached XP level 2. HP: 10/19 MP: 3/3
   633 | D:2      | Reached skill level 4 in Fighting
   633 | D:2      | Reached XP level 3. HP: 24/24 MP: 4/4
   960 | D:2      | Reached ** piety under Lugonu
   985 | D:2      | Noticed Terence
  1010 | D:2      | Killed Terence
  1010 | D:2      | Reached XP level 4. HP: 30/30 MP: 5/5
  1074 | D:2      | Noticed Jessica
  1092 | D:2      | Killed Jessica
  1201 | D:2      | Reached XP level 5. HP: 27/34 MP: 6/6
  1330 | D:2      | Reached skill level 1 in Dodging
  1545 | D:2      | Noticed Crazy Yiuf
  1553 | D:2      | Killed Crazy Yiuf
  1826 | D:3      | Found a faded altar to an unknown god.
  2004 | D:3      | Reached skill level 5 in Fighting
  2004 | D:3      | Reached XP level 6. HP: 38/40 MP: 8/8
  2716 | D:4      | Reached *** piety under Lugonu
  2726 | D:4      | Got an iridescent dagger
  2732 | D:4      | Identified the +7 dagger of Xorubaps {pierce, rF++} (You found it on level 4 of the Dungeon)
  3291 | D:5      | Entered Level 5 of the Dungeon
  3485 | D:5      | Reached XP level 7. HP: 37/44 MP: 9/9
  3601 | D:5      | Noticed JudasIscariot's ghost (novice DsFi)
  3653 | D:5      | Banished JudasIscariot's ghost
  3653 | D:5      | Reached skill level 5 in Armour
  3736 | D:5      | Reached XP level 8. HP: 47/51 MP: 10/10
  3794 | D:5      | Found a radiant altar of Vehumet.
  3854 | D:5      | Reached skill level 5 in Maces & Flails
  4090 | D:6      | Reached skill level 6 in Fighting
  4096 | D:6      | Found a radiant altar of Vehumet.
  4250 | D:6      | Found a basalt altar of Yredelemnul.
  4252 | D:6      | Found a deep blue altar of Sif Muna.
  4290 | D:6      | Noticed Prince Ribbit
  4699 | D:6      | Noticed Dowan
  4701 | D:6      | Found a sand-covered staircase.
  4708 | Ossuary  | Entered an ossuary
  4934 | Ossuary  | Reached **** piety under Lugonu
  5153 | D:6      | Killed Dowan
  5168 | D:6      | Noticed Duvessa
  5187 | D:6      | Killed Duvessa
  5597 | D:6      | Found a white marble altar of Elyvilon.
  5604 | D:6      | Found a burning altar of Makhleb.
  5629 | D:6      | Killed Prince Ribbit
  5629 | D:6      | Reached skill level 5 in Invocations
  5629 | D:6      | Reached XP level 9. HP: 43/56 MP: 12/12
  6163 | D:7      | Found an iron altar of Okawaru.
  6195 | D:7      | Found a staircase to the Ecumenical Temple.
  6349 | D:7      | Reached skill level 7 in Armour
  6355 | D:7      | Killed from afar by an orc priest

Action                   |  1- 3 |  4- 6 |  7- 9 || total
-------------------------+-------+-------+-------++-------
Melee: Mace              |   120 |   148 |    87 ||   355
       Morningstar       |       |   221 |       ||   221
       Flail             |       |       |   326 ||   326
Invok: Banish            |       |       |     6 ||     6
  Use: Scroll            |       |     1 |     2 ||     3
       Potion            |       |       |     9 ||     9
  Eat: Chunk             |       |     9 |     7 ||    16
       Bread ration      |       |       |     1 ||     1
